 Dungeon Crawl Stone Soup version 0.24.0-13-gcf9b3192b9 (webtiles) character file.

Game seed: 9947903288495553451, levelgen mode: deterministic

529 night the Slinger (level 7, -2/33 HPs)
             Began as a Spriggan Hunter on Nov 10, 2019.
             Killed by divine providence
             ... invoked by an orc priest
              (15 damage)
             ... on level 4 of the Dungeon.
             The game lasted 00:07:55 (3326 turns).

night the Slinger (Spriggan Hunter)                 Turns: 3326, Time: 00:07:55

Health: -2/33      AC:  2    Str: 10    XL:     7   Next: 3%
Magic:  8/8        EV: 22    Int: 12    God:
Gold:   114        SH:  0    Dex: 17    Spells: 6/6 levels left

rFire    . . .     SeeInvis +   a - +1 hunting sling
rCold    . . .     Gourm    .   (shield restricted)
rNeg     . . .     Faith    .   c - +0 robe
rPois    .         Spirit   .   (helmet restricted)
rElec    .         Reflect  .   (no cloak)
rCorr    .         Harm     .   (gloves unavailable)
MR       +....                  (boots unavailable)
Stlth    +++.......             (no amulet)
HPRegen  0.11/turn              (no ring)
MPRegen  0.11/turn              (no ring)

@: very quick
A: very small, unfitting armour, see invisible, herbivore, speed 3, slow
metabolism 2
a: no special abilities


You were on level 4 of the Dungeon.
You were not hungry.

You visited 1 branch of the dungeon, and saw 4 of its levels.

You collected 114 gold pieces.

Inventory:

Hand Weapons
 a - a +1 hunting sling (weapon)
 b - a +0 short sword
Missiles
 h - 88 stones (quivered)
 k - 9 boomerangs
 l - 32 poisoned darts
Armour
 c - a +0 robe (worn)
Scrolls
 e - 3 scrolls of remove curse {unknown}
 i - 2 scrolls of immolation {unknown}
 m - a scroll of fog {unknown}
 p - a scroll of amnesia {unknown}
 q - 5 scrolls of identify {unknown}
 t - 6 scrolls of teleportation {unknown}
Potions
 g - 3 potions of degeneration {unknown}
 j - a potion of flight {unknown}
 n - 3 potions of lignification {unknown}
 o - 2 potions of curing {unknown}
 r - 4 potions of haste {unknown}
 s - 3 potions of agility {unknown}
 u - a potion of brilliance {unknown}
 v - a potion of might {unknown}
Comestibles
 f - 8 rations


   Skills:
 - Level 1.5 Fighting
 * Level 8.5 Slings
 + Level 6.4 Dodging
 - Level 4.0 Stealth


You had 6 spell levels left.
You didn't know any spells.
Your spell library was empty.

Dungeon Overview and Level Annotations

Branches:
Dungeon (4/15)
 Temple: D:4-7

Altars:
Dithmenos
Makhleb
Zin

Annotations:
D:4 1 runed translucent door, coffeespoons's ghost, amateur OpWz


Innate Abilities, Weirdness & Mutations

You are very small and have problems with some larger weapons.
You are too small for most types of armour.
You have supernaturally acute eyesight. (SInv)
You are a herbivore.
You cover ground extremely quickly.
You need to consume almost no food.


Message History

Firing (i - inventory. (/) - cycle)
d - a sling bullet (quivered)
Press: ? - help, Shift-Dir - straight line, f/p - orc wizard
Aim: an orc wizard, wielding a +0 dagger and wearing a +1 robe of magic resistance (moderately wounded)
You shoot a sling bullet. The sling bullet hits the orc wizard.
The orc wizard is heavily wounded.
The orc wizard points at you and mumbles some strange words.
You resist with almost no effort.
A worker ant comes into view.
Firing (i - inventory. (/) - cycle)
h - 89 stones (quivered)
Press: ? - help, Shift-Dir - straight line, f/p - orc wizard
Aim: an orc wizard, wielding a +0 dagger and wearing a +1 robe of magic resistance (heavily wounded)
You shoot a stone. The stone hits the orc wizard.
The orc wizard is severely wounded.
The orc priest calls upon Beogh to heal the orc wizard.
The orc wizard is healed somewhat.
The orc wizard casts a spell at you. The magic dart hits you.
The orc priest calls down the wrath of Beogh upon you.
Beogh smites you!
You die...

##### #...#######
### #.#.......#
#.# ..#
#...#####@# #..
..# ##...## #.#
#.#
..#####.....####.#
#.#
.................#
#.#
.######.....####o#
#.######.
..######...##
#.###........
..........##
#.o(o(((a(<.(
>.#########
#.#.....##### .##
#...........


You could see an orc priest and an orc wizard.

Vanquished Creatures
  A centaur (D:4)
  2 crimson imps
  A centaur skeleton (D:4)
  3 orc priests
  2 orc wizards (D:3)
  4 adders
  9 gnolls
  An adder skeleton (D:4)
  A worm (D:3)
  3 dart slugs
  3 leopard geckos
  8 orcs
  3 bats
  A giant cockroach (D:3)
  11 goblins
  8 hobgoblins
  2 ball pythons
  4 frilled lizards
  6 kobolds
  6 rats
79 creatures vanquished.

Notes
Turn   | Place    | Note
-------+----------+-------------------------------------------
     0 | D:1      | night the Spriggan Hunter began the quest for the Orb.
     0 | D:1      | Reached XP level 1. HP: 10/10 MP: 2/2
    81 | D:1      | Reached skill level 5 in Slings
   153 | D:1      | Reached XP level 2. HP: 14/14 MP: 3/3
   653 | D:2      | Reached XP level 3. HP: 17/18 MP: 4/4
   845 | D:2      | Reached XP level 4. HP: 22/22 MP: 5/5
   971 | D:2      | Reached skill level 6 in Slings
  1499 | D:2      | Found a glowing silver altar of Zin.
  1690 | D:3      | Reached XP level 5. HP: 25/25 MP: 6/6
  1958 | D:3      | Reached skill level 7 in Slings
  1958 | D:3      | Reached skill level 5 in Dodging
  2424 | D:3      | Reached XP level 6. HP: 30/30 MP: 7/7
  3074 | D:4      | Reached skill level 8 in Slings
  3092 | D:4      | Found a runed translucent door.
  3094 | D:4      | Noticed coffeespoons's ghost (amateur OpWz)
  3194 | D:4      | Found a shadowy altar of Dithmenos.
  3228 | D:4      | Found a burning altar of Makhleb.
  3317 | D:4      | Reached XP level 7. HP: 31/33 MP: 8/8
  3326 | D:4      | Killed from afar by an orc priest

Levels and vault maps discovered:
D:1:      minmay_arrival_shoal_huts, layout_basic
D:2:      layout_basic, marbit_many_paths, minmay_misc_feat_chi
D:3:      layout_loops_ring
D:4:      layout_loops_ring, lemuel_crystal_altar, makhleb_grotto_becter,
          hellmonk_ghost_happy_afterlife

Skill      XL: |  1  2  3  4  5  6 |
---------------+-------------------+-----
Slings         | 5 6 7 8 |  8.5
Stealth        | 2 3 4 |  4.0
Dodging        | 4 5 6 |  6.4
Fighting       | |  1.5

Action                   |  1- 3 |  4- 6 |  7- 9 || total
-------------------------+-------+-------+-------++-------
 Fire: Hunting sling     |    69 |   233 |     3 ||   305
Throw: Dart              |     3 |     6 |       ||     9
Armor: Robe              |     1 |     6 |       ||     7
Dodge: Dodged            |     8 |    43 |     1 ||    52
